 Dungeon Crawl Stone Soup version 0.31.0-4-g52a2dc7128 (webtiles) character file.

Game seed: 10187896150706577184

1008 hawla the Firebug (level 8, -4/52 HPs)
             Began as an Octopode Fire Elementalist on Jan 22, 2024.
             Was an Initiate of Vehumet.
             Slain by an orc warrior
             ... wielding a +0 hand axe
              (10 damage)
             ... on level 8 of the Dungeon.
             The game lasted 00:10:55 (5457 turns).

hawla the Firebug (Octopode Fire Elementalist)      Turns: 5457, Time: 00:10:55

Health: -4/52      AC:  1    Str: 15    XL:     8   Next: 20%
Magic:  1/12       EV: 14    Int: 17    God:    Vehumet [......]
Gold:   361        SH:  0    Dex: 13    Spells: 6/13 levels left

rFire   . . .        o - +0 dagger (venom)
rCold   . . .        (no shield)
rNeg    . . .        (helmet restricted)
rPois   .            b - amulet of the acrobat
rElec   .            c - ring of see invisible
rCorr   .            a - +6 ring of strength
SInv    +            (no ring)
Will    .....        (no ring)
Stlth   +++          (no ring)
HPRegen 0.28/turn    (no ring)
MPRegen 0.13/turn    (no ring)
                     (no ring)

%: acrobat
@: no status effects
A: almost no armour, amphibious, 8 rings, camouflage 1, gelatinous body 1,
(nimble swimmer 1), tentacles
a: Renounce Religion


You were on level 8 of the Dungeon.
You worshipped Vehumet.
Vehumet was noncommittal.
You visited 2 branches of the dungeon, and saw 9 of its levels.

You collected 361 gold pieces.

Inventory:

Hand Weapons
 o - a +0 dagger of venom (weapon)
Missiles
 h - 4 poisoned darts (quivered)
Jewellery
 a - a +6 ring of strength (right tentacle)
 b - an amulet of the acrobat (around mantle)
 c - a ring of see invisible (left tentacle)
 t - an amulet of magic regeneration
Wands
 n - a wand of mindburst (19)
Scrolls
 f - a scroll of revelation
 g - a scroll of enchant weapon
 l - a scroll of immolation
 m - a scroll of silence
 s - a scroll of enchant armour
Potions
 d - 3 potions of attraction {unknown}
 e - 2 potions of enlightenment {unknown}
 i - 2 potions of ambrosia
 j - a potion of might
 k - 2 potions of curing {unknown}
 q - a potion of brilliance {unknown}
 r - a potion of lignification {unknown}


   Skills:
 - Level 3.0 Fighting
 + Level 4.3 Short Blades
 - Level 1.1 Throwing
 - Level 4.0 Dodging
 - Level 3.0 Stealth
 - Level 3.0 Spellcasting
 - Level 3.0 Conjurations
 + Level 5.6 Fire Magic


You had 6 spell levels left.
You knew the following spells:

 Your Spells              Type           Power      Damage    Failure   Level
a - Foxfire               Conj/Fire      68%        2x1d7     3%          1
b - Scorch                Fire           42%        2d6       2%          2
c - Flame Wave            Conj/Fire      17%        2d7       30%         4

Your spell library contained the following spells:

 Spells                   Type           Power      Damage    Failure   Level
 Slow                     Hex            8%         N/A       17%         1
 Inner Flame              Hex/Fire       12%        N/A       17%         3
 Volatile Blastmotes      Fire/Tloc      24%        2d12      17%         3
 Confusing Touch          Hex            2%         N/A       45%         3
 Ozocubu's Armour         Ice            2%         N/A       45%         3
 Sigil of Binding         Hex            2%         N/A       45%         3
 Vampiric Draining        Necr           2%         2d6       45%         3
 Metabolic Englaciation   Hex/Ice        1%         N/A       99%         5
 Sculpt Simulacrum        Ice/Alch       1%         N/A       100%        6


Dungeon Overview and Level Annotations

Branches:
Dungeon (8/15)             Temple (1/1) D:5
   Lair: D:8-11

Altars:
Ashenzari
Cheibriados
Elyvilon
Fedhas
Gozag
Hepliaklqana
Kikubaaqudgha
Makhleb
Nemelex Xobeh
Okawaru
Qazlal
Ru
Sif Muna
Trog
Uskayaw
Vehumet
Wu Jian
Xom
Yredelemnul
Zin


Innate Abilities, Weirdness & Mutations

You cannot wear most types of armour.
You are amphibious.
You can wear up to eight rings at the same time.
Your skin changes colour to match your surroundings (Stealth+).
Your rubbery body absorbs attacks. (AC +1, EV +1)
((You are camouflaged when in or above water. (Stealth+)))
You have tentacles for arms and can constrict up to eight enemies at once.


Message History

The bullfrog completely misses you. The orc warrior misses you.
You climb downwards.
There is a stone staircase leading up here.
You barely miss the orc warrior. Your grab misses the orc warrior.
Your squeeze misses the orc warrior. The bullfrog closely misses you.
The orc warrior hits you with a +0 hand axe!
You barely miss the orc warrior. You grab the orc warrior.
You constrict the orc warrior, but do no damage.
The bullfrog completely misses you. x2
You hit the orc warrior but do no damage.
The orc warrior is poisoned.
You squeeze the orc warrior, but do no damage.
You constrict the orc warrior. The orc warrior closely misses you.
The bullfrog barely misses you.
You hit the orc warrior but do no damage.
The orc warrior looks even sicker.
You constrict the orc warrior, but do no damage.
The bullfrog hits you. The orc warrior misses you.
You hit the orc warrior but do no damage.
The orc warrior looks even sicker.
The orc warrior is lightly wounded.
You constrict the orc warrior. The bullfrog hits you!
* * * LOW HITPOINT WARNING * * *
The orc warrior closely misses you.
Casting: Flame Wave (quite dangerous; 30% risk of failure)
Confirm with . or Enter, or press ? or * to list all spells.
Casting: Flame Wave (quite dangerous; 30% risk of failure)
Press: ? - help, Dir - look around, f - activate A wave of flame ripples out!
The flame wave engulfs the bullfrog!
The bullfrog is severely wounded.
The flame wave engulfs the orc warrior.
The orc warrior is moderately wounded. (Press . to intensify the flame waves.)
You constrict the orc warrior, but do no damage.
The bullfrog hits you.
* * * LOW HITPOINT WARNING * * *
The bullfrog hits you.
* * * LOW HITPOINT WARNING * * *
The orc warrior hits you with a +0 hand axe!
You die...

#.# #.. #.#
##.## ##...##
#.###.....##
#.....F....####
#..@o......
##...######
##.... #.##.#
... ... ### ###


You could see an orc warrior (very poisoned) and a bullfrog.

Vanquished Creatures
  A black bear (D:6)
  An ogre (D:4)
  A phantom (D:5)
  2 bullfrogs (D:7)
  2 scorpions (D:5)
  6 howler monkeys
  An orc priest (D:5)
  2 hounds
  A jelly (D:7)
  3 iguanas (D:5)
  3 adders
  A ribbon worm (D:3)
  2 dart slugs
  7 orcs
  5 ball pythons
  5 bats
  4 endoplasms
  A giant cockroach (D:3)
  7 hobgoblins
  4 jackals (D:5)
  4 quokkas
  10 goblins
  5 kobolds
  2 rats
80 creatures vanquished.

Vanquished Creatures (others)
  A jelly (D:5)
  An adder (D:5)
  A ribbon worm (D:5)
  38 foxfires
41 creatures vanquished.

Grand Total: 121 creatures vanquished

Notes
Turn   | Place    | Note
-------+----------+-------------------------------------------
     0 | D:1      | hawla the Octopode Fire Elementalist began the quest for
                  | the Orb.
     0 | D:1      | Reached XP level 1. HP: 11/11 MP: 3/3
   499 | D:1      | Reached XP level 2. HP: 18/18 MP: 5/5
   872 | D:2      | Reached skill level 1 in Fighting
   985 | D:2      | Learned a level 2 spell: Scorch
  1057 | D:2      | Reached XP level 3. HP: 23/23 MP: 3/6
  2098 | D:3      | Reached XP level 4. HP: 26/29 MP: 7/7
  2691 | D:4      | Noticed an ogre
  2694 | D:4      | Killed an ogre
  2695 | D:4      | Reached skill level 1 in Throwing
  2695 | D:4      | Reached XP level 5. HP: 36/36 MP: 1/8
  2700 | D:4      | Learned a level 4 spell: Flame Wave
  2946 | D:4      | Found a shimmering blue altar of Sif Muna.
  2983 | D:4      | Found a shimmering altar of Xom.
  3127 | D:4      | Found an iron altar of Okawaru.
  3479 | D:5      | Entered Level 5 of the Dungeon
  3681 | D:5      | Reached XP level 6. HP: 42/42 MP: 9/9
  3711 | D:5      | Found a staircase to the Ecumenical Temple.
  3720 | D:5      | Reached skill level 1 in Short Blades
  3731 | Temple   | Entered the Ecumenical Temple
  3744 | Temple   | Became a worshipper of Vehumet
  4193 | D:5      | Reached XP level 7. HP: 15/46 MP: 6/11
  4350 | D:5      | Reached skill level 4 in Fire Magic
  4874 | D:6      | Found a blossoming altar of Fedhas.
  4913 | D:6      | Found a glowing silver altar of Zin.
  5300 | D:7      | Reached skill level 5 in Fire Magic
  5366 | D:7      | Reached XP level 8. HP: 45/52 MP: 12/12
  5457 | D:8      | Slain by an orc warrior

Illustrated notes

Levels and vault maps discovered:
D:1:      amcnicky_arrival_single_pillar, layout_basic, serial_rivers,
          chequers_serial_rivers_large_a, chequers_serial_rivers_large_b,
          chequers_serial_rivers_marsh, chequers_serial_rivers_room_b,
          chequers_serial_rivers_micro_c, corexii_corridor_pit
D:2:      layout_rooms, minmay_close_crescents
D:3:      minmay_diamond_boxcup, layout_basic, minmay_hedge_maze
D:4:      layout_gridville, kennysheep_okawaru_gauntlet,
          mainiacjoe_overflow_big_doors, serial_bayou_pond_d
D:5:      layout_loops_corners, minmay_temple_entry_sparse_star,
          lemuel_flamethrower_2
D:6:      black_bear_nest_1, layout_cave_pools, mainiacjoe_overflow_alcove_1,
          old_standard_altar
D:7:      layout_basic, kennysheep_mini_moat
D:8:      layout_loops_ring, general_overflow_altar
Temple:   eino_wide_crystal_templ

Skill      XL: |  1  2  3  4  5  6  7  8 |
---------------+-------------------------+-----
Stealth        | 3 |  3.0
Fighting       | 1 2 3 |  3.0
Dodging        | 3 4 |  4.0
Throwing       | 1 |  1.1
Short Blades   | 2 3 4 |  4.3
Conjurations   | 2 3 |  3.0
Spellcasting   | 3 |  3.0
Fire Magic     | 5 |  5.6

Action                     |  1- 3 |  4- 6 |  7- 9 || total
---------------------------+-------+-------+-------++-------
  Melee: Unarmed           |    88 |    26 |       ||   114
         Constrict         |    22 |    22 |     9 ||    53
         Tentacles         |    21 |    20 |    11 ||    52
         Dagger            |       |    41 |    38 ||    79
         Punch             |       |     1 |     1 ||     2
  Throw: Dart              |       |     8 |     6 ||    14
   Cast: Foxfire           |    13 |    10 |       ||    23
         Scorch            |     3 |     8 |     3 ||    14
         Flame Wave        |       |       |     2 ||     2
  Evoke: Wand              |       |       |     1 ||     1
    Use: Scroll            |     8 |     3 |     3 ||    14
         Potion            |       |     2 |     1 ||     3
   Stab: Sleeping          |     6 |     6 |     2 ||    14
 Armour: Skin              |    38 |    28 |    38 ||   104
  Dodge: Dodged            |    57 |    49 |    54 ||   160
